 Dungeon Crawl Stone Soup version 0.29.1-15-g9cfb28693d (webtiles) character file.

Game seed: 14946421671250451091

972 BuddhaDhamma the Cleaver (level 7, -4/57 HPs)
             Began as a Minotaur Berserker on Mar 6, 2023.
             Was an Elder of Trog.
             Slain by an orc warrior
             ... wielding a +0 glaive
              (5 damage)
             ... on level 6 of the Dungeon.
             The game lasted 00:09:32 (4102 turns).

BuddhaDhamma the Cleaver (Minotaur Berserker)       Turns: 4102, Time: 00:09:33

Health: -4/57      AC: 18    Str: 23    XL:     7   Next: 94%
Magic:  6/6        EV:  9    Int:  4    God:    Trog [****..]
Gold:   274        SH:  0    Dex: 16    Spells: 6/6 levels left

rFire   . . .      SeeInvis .   k - +3 war axe
rCold   . . .      Faith    .   (no shield)
rNeg    . . .      Spirit   .   i - +0 chain mail
rPois   .          Reflect  .   (helmet restricted)
rElec   .          Harm     .   p - +2 cloak
rCorr   .          Rampage  .   j - +2 pair of gloves
Will    .....                   a - +2 pair of boots
Stlth   ..........              (no amulet)
HPRegen 0.19/turn               t - +6 ring of dexterity
MPRegen 0.10/turn               (no ring)

@: on berserk cooldown, very slow
A: horns 2, retaliatory headbutt
a: Renounce Religion, Berserk, Trog's Hand, Brothers in Arms


You were on level 6 of the Dungeon.
You worshipped Trog.
Trog was greatly pleased with you.
You visited 1 branch of the dungeon, and saw 6 of its levels.
You also visited: Sewer.

You collected 274 gold pieces.

Inventory:

Hand Weapons
 k - a +3 war axe (weapon)
Armour
 a - a +2 pair of boots (worn)
 i - a +0 chain mail (worn)
 j - a +2 pair of gloves (worn)
 p - a +2 cloak (worn)
Jewellery
 f - a ring of resist corrosion
 r - a ring of protection from fire
 t - a +6 ring of dexterity (left hand)
Wands
 o - a wand of roots (5)
Scrolls
 g - 3 scrolls of teleportation
 l - 3 scrolls of butterflies
 q - a scroll of fear
Potions
 b - a potion of flight {unknown}
 d - 3 potions of heal wounds
 e - a potion of attraction {unknown}
 n - 4 potions of curing {unknown}
 u - a potion of haste {unknown}
 v - a potion of degeneration {unknown}
 w - a potion of resistance


   Skills:
 - Level 3.6 Fighting
 + Level 11.5 Axes
 - Level 2.4 Armour
 - Level 2.1 Dodging


You had 6 spell levels left.
You didn't know any spells.
Your spell library was empty.

Dungeon Overview and Level Annotations

Branches:
Dungeon (6/15)              Sewer (visited)
 Temple: D:4-7

Altars:
Kikubaaqudgha
Uskayaw

Shops:
D:5 *


Innate Abilities, Weirdness & Mutations

You have a pair of horns on your head.
You reflexively headbutt those who attack you in melee.


Message History

You hit the orc priest.
The orc priest is almost dead.
The orc priest mumbles some strange prayers to Beogh against you.
Beogh smites you! The orc warrior barely misses you.
The orc priest splashes around in the water.
The orc warrior splashes around in the water.
You closely miss the orc priest.
The orc priest is almost dead.
The orc priest splashes around in the water.
The orc warrior hits you but does no damage.
Your unstable footing causes you to fumble your attack.
The orc priest hits you with a +2 mace of protection.
The orc warrior closely misses you.
The orc priest calls down the wrath of Beogh upon you.
Pain shoots through your body!
Your unstable footing causes you to fumble your attack.
The orc warrior hits you from afar with a +0 glaive!
* * * LOW HITPOINT WARNING * * *
The orc priest barely misses you.
The orc warrior hits you from afar with a +0 glaive.
* * * LOW HITPOINT WARNING * * *
You closely miss the orc priest. You headbutt the orc priest.
You kill the orc priest!
Trog accepts your kill.
You hear a splash.
You feel yourself speed up. The orc warrior completely misses you.
The orc warrior barely misses you.
The orc warrior splashes around in the water.
Things that are here:
a +2 mace of protection; an orc corpse You slash the orc warrior!
The orc warrior is heavily wounded.
The orc warrior hits you with a +0 glaive!
* * * LOW HITPOINT WARNING * * *
You hit the orc warrior. Your headbutt misses the orc warrior.
The orc warrior is severely wounded.
Your unstable footing causes you to fumble your attack.
The orc warrior hits you with a +0 glaive.
You die...

.. ### .o #~# # .. ..
#)#.. ...#.##)#.#
##.#o##@#.# .
......#o#.# #.
#....#~#.# #.######
###..#†#.# #......#
#..).$.#
.......######.#..####.##
#.......................
#......######.##.#######
.......# ........


You could see an orc warrior.

Vanquished Creatures
  Pargi (Sewer)
  An ogre (D:5)
  A bullfrog (D:6)
  A scorpion (D:4)
  A howler monkey (D:4)
  4 hounds
  A jelly (D:5)
  2 orc priests
  Crazy Yiuf (D:2)
  2 iguanas
  An orc wizard (D:4)
  The ghost of CeilingCat the Sneak, a weakling DrDe (D:6)
  6 gnolls
  10 adders
  2 white imps (D:5)
  An ufetubus (D:5)
  2 dart slugs
  16 orcs
  8 bats
  4 endoplasms
  5 giant cockroaches
  9 goblins
  8 hobgoblins
  12 jackals
  5 quokkas
  7 ball pythons
  8 frilled lizards
  10 kobolds
  3 rats
133 creatures vanquished.

Notes
Turn   | Place    | Note
-------+----------+-------------------------------------------
     0 | D:1      | BuddhaDhamma the Minotaur Berserker began the quest for the
                  | Orb.
     0 | D:1      | Reached XP level 1. HP: 19/19 MP: 0/0
   163 | D:1      | Reached skill level 4 in Axes
   434 | D:1      | Reached XP level 2. HP: 26/26 MP: 1/1
   689 | D:1      | Reached skill level 5 in Axes
   689 | D:1      | Reached XP level 3. HP: 8/31 MP: 2/2
   982 | D:2      | Reached ** piety under Trog
  1090 | D:2      | Found a faded altar of an unknown god.
  1223 | D:2      | Reached XP level 4. HP: 35/39 MP: 3/3
  1369 | D:2      | Reached skill level 6 in Axes
  1462 | D:2      | Found a runed translucent door.
  1463 | D:2      | Noticed Crazy Yiuf
  1470 | D:2      | Killed Crazy Yiuf
  1758 | D:3      | Reached skill level 7 in Axes
  1758 | D:3      | Reached XP level 5. HP: 45/45 MP: 4/4
  1767 | D:3      | Reached *** piety under Trog
  1965 | D:3      | Reached skill level 8 in Axes
  2450 | D:4      | Reached XP level 6. HP: 51/51 MP: 5/5
  2691 | D:4      | Reached skill level 9 in Axes
  2693 | D:4      | Found a glowing drain.
  2715 | Sewer    | Entered a sewer
  2843 | Sewer    | Noticed Pargi
  2848 | Sewer    | Killed Pargi
  2849 | Sewer    | Reached XP level 7. HP: 57/57 MP: 6/6
  2939 | D:4      | Reached skill level 10 in Axes
  3121 | D:5      | Entered Level 5 of the Dungeon
  3209 | D:5      | Found a large runed translucent door.
  3209 | D:5      | Found a large runed translucent door.
  3584 | D:5      | Found Zydok's Mass Market.
  3740 | D:5      | Reached **** piety under Trog
  3859 | D:5      | Found an ancient bone altar of Kikubaaqudgha.
  3867 | D:5      | Found a hide-covered altar of Uskayaw.
  4057 | D:6      | Found a runed translucent door.
  4058 | D:6      | Noticed CeilingCat's ghost (weakling DrDe)
  4070 | D:6      | Reached skill level 11 in Axes
  4075 | D:6      | Killed CeilingCat's ghost
  4100 | D:6      | HP: 1/57 [orc warrior/+0 glaive (8)]
  4102 | D:6      | Slain by an orc warrior

Illustrated notes

Levels and vault maps discovered:
D:1:      dpeg_arrival_round_c, layout_basic
D:2:      layout_rooms, ebering_ecumenical_altar_hall, minmay_splitting_lines,
          uniq_crazy_yiuf_cottage
D:3:      layout_rooms, kennysheep_potato
D:4:      layout_rooms, gup_sewer_entry_glass, lemuel_flame_loot_1
D:5:      layout_rooms, jmf_multi_god_temple2, grunt_ministairs_5,
          minmay_shop_mass, kennysheep_pointless_box, grunt_decor_clamped
D:6:      layout_basic, ebering_ghost_sewer_d, grunt_decor_mini_mirrors,
          uniq_prince_ribbit1

Skill      XL: |  1  2  3  4  5  6  7 |
---------------+----------------------+-----
Axes           | 4 5 7 8 9 11 | 11.5
Fighting       | |  3.6
Armour         | |  2.4
Dodging        | |  2.1

Action                   |  1- 3 |  4- 6 |  7- 9 || total
-------------------------+-------+-------+-------++-------
Melee: Hand axe          |   103 |    74 |       ||   177
       Headbutt          |    15 |    26 |     9 ||    50
       Punch             |     2 |       |     1 ||     3
       War axe           |       |    37 |    63 ||   100
Invok: Berserk           |       |     3 |     1 ||     4
  Use: Scroll            |       |    11 |     1 ||    12
Armor: Animal skin       |     8 |       |       ||     8
       Chain mail        |    42 |    78 |    28 ||   148
       Leather armour    |     2 |       |       ||     2
Dodge: Dodged            |    55 |    64 |    29 ||   148
